Map: Abyssal Reef LE

Players

scttooo - Winner!

  • Race: Terran Terran
  • League: Diamond
  • Spawn Location: 5:00

Zarathustra

  • Race: Zerg Zerg
  • League: Diamond
  • Spawn Location: 11:00

VOD

Have the link to the VOD?

Description

Time

  • Played on: Feb. 23, 2017, 6:41 p.m.
  • Length: 11:14
Show
View Real Time Build Order
Export as new Build Order

scttooo Terran - Winner!

Build Orders: MMM Bio 

Get SALT Encoding   

  12  0:00  SCV  
  13  0:12  SCV  
  14  0:17  Supply Depot  
  14  0:25  SCV  
  15  0:39  SCV  
  15  0:40  Barracks  
  16  0:44  Refinery  
  16  0:51  SCV  
  17  1:03  SCV  
  18  1:15  SCV  
  19  1:28  Barracks Reactor, Orbital Command  
  19  1:42  Command Center  
  19  1:52  Barracks  
  19  2:02  Supply Depot  
  19  2:04  SCV  
  19  2:08  Marine  
  21  2:11  Marine  
  22  2:17  SCV  
  23  2:25  Marine  
  23  2:29  Marine  
  25  2:35  Factory  
  25  2:40  Barracks Tech Lab  
  25  2:42  SCV  
  26  2:48  Refinery  
  26  2:51  Marine  
  27  2:53  Marine  
  27  2:57  SCV  
  29  3:01  Stimpack  
  29  3:09  Orbital Command  
  29  3:15  Marine  
  30  3:20  Starport  
  30  3:22  SCV  
  30  3:25  Marine  
  32  3:30  Factory Reactor  
  32  3:34  SCV, Marine  
  32  3:35  Marine  
  32  3:41  SCV  
  36  3:43  Marine  
  37  3:48  Supply Depot  
  37  3:52  Marine  
  37  3:54  Marine  
  37  3:55  Supply Depot  
  39  4:00  Marine  
  39  4:01  SCV  
  41  4:10  SCV, Marine  
  41  4:12  Marine  
  41  4:13  Medivac  
  41  4:14  Medivac  
  48  4:17  Widow Mine  
  48  4:21  Supply Depot  
  48  4:23  Marine  
  51  4:27  Marine  
  51  4:30  Marine  
  53  4:32  SCV  
  53  4:38  SCV, Refinery  
  55  4:42  Marine  
  55  4:43  Supply Depot  
  56  4:54  Marine  
  56  4:55  SCV  
  58  5:00  Widow Mine  
  58  5:02  Combat Shields, Marine, SCV  
  58  5:04  Barracks  
  62  5:09  Marine  
  62  5:10  Supply Depot, Medivac  
  65  5:15  SCV  
  65  5:17  Engineering Bay  
  65  5:21  Marine  
  66  5:22  SCV, Marine  
  66  5:27  SCV, Marine  
  71  5:34  SCV  
  57  5:38  Supply Depot  
  57  5:39  Marine  
  57  5:40  Marine  
  57  5:41  Factory Reactor  
  57  5:42  SCV  
  60  5:44  Marine  
  60  5:47  Terran Infantry Weapons Level 1  
  61  5:54  Marine  
  61  5:55  Medivac  
  61  5:57  SCV x2, Marine x2  
  64  5:58  Marine  
  64  6:02  Supply Depot  
  69  6:04  Marine  
  69  6:09  SCV  
  71  6:11  Marine  
  71  6:14  Marine  
  71  6:15  Marine x2  
  71  6:16  Widow Mine x2  
  79  6:19  SCV  
  79  6:22  Marine  
  79  6:24  Supply Depot  
  81  6:28  Medivac  
  81  6:29  Marine  
  81  6:30  SCV  
  81  6:32  Marine  
  85  6:33  Marine x2  
  88  6:40  Marine  
  88  6:45  Widow Mine x2  
  93  6:47  Marine  
  93  6:50  Marine  
  93  6:51  Marine x2  
  93  6:52  Barracks  
  97  6:54  Supply Depot  
  97  6:58  Marine  
  98  7:05  Marine  
  98  7:08  Marine, Medivac  
  102  7:09  Marine x2  
  102  7:13  Widow Mine  
  106  7:16  Marine  
  106  7:18  Supply Depot  
  107  7:23  Marine, Command Center  
  107  7:26  Marine  
  107  7:29  Marine x2  
  111  7:34  Marine  
  112  7:46  Marine  
  110  7:52  Marine x2  
  110  7:54  Marine  
  110  7:55  Marine x2  
  106  8:04  Marine  
  105  8:10  Marine x2  
  105  8:12  Marine  
  100  8:13  Marine x2  
  102  8:22  Marine  
  103  8:28  Marine x2  
  103  8:30  Marine x2  
  99  8:36  Terran Infantry Armor Level 1  
  99  8:39  Engineering Bay, Marine  
  99  8:40  Widow Mine x2, Barracks Reactor  
  103  8:42  Barracks  
  103  8:46  Marine x2  
  103  8:48  Marine x2  
  99  8:57  Marine  
  90  9:03  Marine x2  
  90  9:05  Marine  
  90  9:06  Marine  
  94  9:15  Marine  
  94  9:17  Marine x2  
  94  9:21  Marine x2  
  94  9:23  Marine  
  97  9:24  Marine  
  97  9:29  SCV  
  97  9:33  Marine  
  97  9:35  Marine x3  
  97  9:37  Barracks  
  101  9:39  Marine x2  
  101  9:41  Marine  
  101  9:42  Marine  
  105  9:51  Marine  
  106  9:53  Marine x3  
  106  9:57  Marine x2  
  106  9:59  Marine x2  
  87  10:09  Marine  
  87  10:11  Marine x3  
  91  10:15  Marine x2  
  91  10:17  Marine x2  
  94  10:24  Missile Turret x2  
  94  10:26  Marine  
  94  10:27  Missile Turret  
  95  10:29  Marine x3  
  95  10:32  Marine  
  95  10:33  Marine  
  95  10:35  Marine x2  
  97  10:44  Marine  
  97  10:46  Marine x3  
  101  10:50  Marine x2  
  101  10:52  Marine  
  101  10:53  Marine  
Show
View Real Time Build Order
Export as new Build Order

Zarathustra Zerg 

Build Orders: Hatch First 

Get SALT Encoding   

  12  0:01  Drone  
  13  0:15  Overlord  
  13  0:19  Drone  
  14  0:34  Drone x2  
  16  0:37  Drone  
  17  0:54  Hatchery  
  16  0:57  Drone  
  16  1:01  Drone  
  18  1:17  Spawning Pool, Drone  
  18  1:20  Extractor  
  18  1:22  Drone  
  18  1:31  Drone  
  19  1:44  Overlord  
  19  2:04  Queen  
  19  2:05  Zergling x4  
  19  2:07  Drone  
  19  2:08  Queen  
  26  2:14  Drone  
  27  2:22  Drone  
  28  2:23  Metabolic Boost  
  28  2:30  Drone  
  28  2:31  Drone  
  28  2:36  Drone  
  31  2:43  Overlord  
  31  2:45  Queen  
  33  2:56  Hatchery  
  33  2:57  Drone  
  33  3:00  Drone  
  33  3:03  Drone  
  35  3:08  Drone x2  
  37  3:14  Drone x3  
  40  3:20  Drone x3  
  40  3:24  Drone  
  44  3:28  Overlord  
  44  3:41  Overlord  
  44  3:42  Overlord  
  44  3:46  Queen  
  44  3:47  Evolution Chamber  
  45  3:48  Drone  
  45  3:50  Drone x3  
  49  3:55  Lair  
  49  4:00  Drone x3  
  52  4:11  Zergling x6  
  52  4:13  Zergling x4  
  52  4:14  Zergling x2  
  52  4:15  Queen  
  60  4:20  Zergling x6  
  60  4:22  Drone  
  64  4:25  Drone  
  64  4:27  Extractor  
  64  4:28  Zerg Melee Weapons Level 1  
  64  4:37  Baneling Nest  
  63  4:40  Extractor  
  63  4:42  Spore Crawler  
  63  4:45  Extractor  
  60  4:48  Drone x2  
  62  4:55  Overseer  
  62  4:56  Drone x5  
  62  4:57  Zergling x4  
  62  4:58  Zergling x6  
  72  5:04  Drone  
  73  5:10  Overlord  
  73  5:11  Overlord x2  
  73  5:14  Drone  
  74  5:23  Baneling x6  
  73  5:44  Centrifical Hooks  
  73  5:45  Drone x4  
  73  5:47  Drone x3  
  73  5:48  Drone x2  
  82  5:56  Hatchery  
  82  5:57  Zergling x2  
  82  6:03  Evolution Chamber  
  81  6:05  Spire  
  81  6:06  Zergling x2  
  81  6:07  Zergling x2  
  81  6:08  Zergling x4  
  81  6:10  Extractor  
  83  6:12  Extractor, Drone x2  
  83  6:14  Baneling x4  
  83  6:18  Zergling x6  
  87  6:24  Drone x3  
  90  6:36  Zergling x8  
  90  6:37  Zerg Melee Weapons Level 2, Infestation Pit  
  93  6:41  Zerg Ground Armor Level 1  
  93  6:55  Zergling x4  
  93  6:56  Zergling x4  
  93  6:59  Baneling x2  
  93  7:00  Baneling x6  
  97  7:02  Overlord x2  
  97  7:03  Overlord x3  
  97  7:07  Extractor  
  96  7:10  Overseer  
  96  7:13  Drone  
  97  7:28  Overseer x2  
  97  7:32  Zergling x4  
  97  7:33  Zergling x12  
  105  7:40  Pneumatized Carapace  
  105  7:45  Overseer  
  105  7:47  Zergling x10  
  105  7:48  Zergling x2  
  105  7:49  Zergling x8  
  76  8:14  Baneling x4  
  76  8:15  Baneling x4  
  76  8:17  Zergling x4  
  76  8:18  Zergling x12  
  76  8:19  Zergling x6  
  85  8:24  Overseer x2  
  86  8:27  Zergling x2  
  83  8:37  Zergling x2  
  83  8:38  Zergling x2  
  85  8:47  Zergling x2  
  77  9:02  Zergling x6  
  72  9:05  Zergling x2  
  72  9:06  Zergling x12  
  60  9:22  Zergling x6  
  60  9:23  Zergling x4  
  60  9:27  Baneling x5  
  60  9:28  Baneling x7  
  56  9:31  Zergling x4  
  56  9:32  Zergling x2  
  58  9:56  Zergling x4  
  47  10:05  Baneling x4  
  40  10:07  Hatchery  
  40  10:08  Zergling x2  
  40  10:12  Overseer  
  40  10:13  Zergling x2  
  40  10:14  Zergling x6, Overseer  
  37  10:39  Baneling  
  37  10:40  Baneling x6  
  33  10:43  Drone x2  
  33  10:44  Drone x4  
  36  10:50  Zergling x6  
Tags
 
Composition
MMM Bio
Matchup
TvZ
Spawn Locations
Cross Positions
Add a new tag
Caveats
  • Supply blocks, unpowered buildings, or Contaminate may cause inaccurate times.
  • Supply counts are checked every 10 seconds.